 Dungeon Crawl Stone Soup version 0.13.1 (webtiles) character file.

70 Lilouch the Cutter (level 3, -8/22 HPs)
             Began as a Kobold Chaos Knight on Nov 29, 2013.
             Was a Plaything of Xom.
             Mangled by a soul eater (12 damage)
             ... summoned by Xom
             ... on Level 1 of the Dungeon.
             The game lasted 00:08:12 (1241 turns).

Lilouch the Cutter (Kobold Chaos Knight)            Turns: 1241, Time: 00:08:13

HP  -8/22        AC  8     Str 12      XL: 3   Next: 55%
MP   3/3         EV 12     Int 10      God: Xom
Gold 35          SH 10     Dex 12      Spells:  0 memorised,  2 levels left

Res.Fire  : . . .   See Invis. : .   a - +0 short sword (chaos)
Res.Cold  : . . .   Warding    : .   b - +2 leather armour
Life Prot.: . . .   Conserve   : .   l - +2 buckler {AC+3}
Res.Poison: .       Res.Corr.  : .   (no helmet)
Res.Elec. : .       Clarity    : .   (no cloak)
Sust.Abil.: . .     Spirit.Shd : .   (no gloves)
Res.Mut.  : .       Stasis     : .   (no boots)
Res.Rott. : .       Flight     : .   (no amulet)
Saprovore : + + .                    (no ring)
                                     (no ring)

@: not resistant to hostile enchantments, fairly stealthy
A: disease resistance, talons 1, carnivore 3, saprovore 2, slow metabolism 1,
Dex -2
a: Renounce Religion


You were on level 1 of the Dungeon.
You worshipped Xom.
You were a very special plaything of Xom.
You were completely stuffed.

You visited 1 branch of the dungeon, and saw 1 of its levels.

You collected 15 gold pieces.

Inventory:

Hand weapons
 a - a +0,+0 short sword of chaos (weapon)
Armour
 b - a +2 leather armour (worn)
 l - a +2 buckler of protection (worn)
Comestibles
 c - a meat ration
 k - a rotting chunk of hobgoblin flesh
 n - a rotting chunk of giant cockroach flesh
Scrolls
 e - a scroll of fog {unknown}
 f - a scroll of remove curse {unknown}
 h - a scroll of enchant weapon I {unknown}
 m - a scroll of magic mapping {unknown}
 p - a scroll of teleportation {unknown}
Potions
 d - a potion of curing {unknown}
 g - a potion of confusion {unknown}
 i - a potion of heal wounds {unknown}
 o - a potion of flight {unknown}


   Skills:
 - Level 3.2 Fighting
 + Level 4.4 Short Blades
 + Level 1.2 Armour
 + Level 2.8 Dodging
 * Level 2.3 Stealth
 + Level 0.1 Shields


You had 2 spell levels left.
You didn't know any spells.

Dungeon Overview and Level Annotations

Branches:
Dungeon (1/27)

Altars:


Innate Abilities, Weirdness & Mutations

You recuperate from illness quickly.
You are small and have problems with some larger weapons.
You are carnivorous and can eat meat at any time.
You can eat rotten meat.
You have sharp toenails.
You are clumsy. (Dex -2)
You have a slow metabolism.


Message History

The soul eater is lightly wounded.
The soul eater hits you but does no damage.
You hit the soul eater but do no damage.
The soul eater is lightly wounded.
The soul eater barely misses you.
You closely miss the soul eater. Your kick misses the soul eater.
The soul eater is lightly wounded.
The soul eater closely misses you.
You hit the soul eater but do no damage.
The soul eater seems to speed up.
Xom is highly amused!
The soul eater is lightly wounded.
The soul eater draws from the surrounding life force!
Ouch! That really hurt!
* * * LOW HITPOINT WARNING * * *
Xom roars with laughter!
The soul eater is healed.
You closely miss the soul eater. The soul eater hits you!
Ouch! That really hurt!
You die...

#####.## #.........#
#..%.....#
.......###.###.###.#
#.##.###.#
#.......##.# #.#
#.#.......
...###.###.###.#
#.##.###.. #..#
#.........# #.####
#.. ...###.###.#####
#.######.. ###...##
#.# # #.........
##### #.#######.#
##########
#.....3@..#
###########


You could see a soul eater.

Vanquished Creatures
  A giant mite (D:1)
  An ooze (D:1)
  4 hobgoblins (D:1)
  5 bats (D:1)
  A giant cockroach (D:1)
  2 giant geckos (D:1)
  4 giant newts (D:1)
  A goblin (D:1)
  5 kobolds (D:1)
  6 rats (D:1)
30 creatures vanquished.

Notes
Turn   | Place    | Note
--------------------------------------------------------------
     0 | D:1      | Lilouch, the Kobold Chaos Knight, began the quest for the Orb.
     0 | D:1      | Reached XP level 1. HP: 12/12 MP: 1/1
    29 | D:1      | XOM: potion effect (berserk)
   142 | D:1      | XOM: divination: detect items
   164 | D:1      | XOM: mild Trmt miscast
   217 | D:1      | XOM: stat loss: -1 Str (10/11)
   243 | D:1      | Reached skill level 1 in Stealth
   325 | D:1      | Reached skill level 1 in Armour
   391 | D:1      | XOM: swap monsters
   395 | D:1      | Reached XP level 2. HP: 11/17 MP: 2/2
   434 | D:1      | XOM: noise
   689 | D:1      | XOM: harmless Fire miscast
   765 | D:1      | XOM is BORED!
   765 | D:1      | XOM: give mutations
   765 | D:1      | Gained mutation: You have a slow metabolism. [Xom's mischief]
   765 | D:1      | Gained mutation: You are clumsy. (Dex -2) [Xom's mischief]
   765 | D:1      | Gained mutation: You have sharp toenails. [Xom's mischief]
   878 | D:1      | XOM: scenery: 1 doors open, 1 doors close
   889 | D:1      | XOM: scenery: 1 doors close
   905 | D:1      | Reached XP level 3. HP: 22/22 MP: 3/3
  1063 | D:1      | XOM: harmless Hex miscast
  1208 | D:1      | XOM: silly message
  1234 | D:1      | XOM: summons 1 hostile demon
  1235 | D:1      | Noticed a soul eater
  1241 | D:1      | Mangled by a soul eater

Action                   || total
-------------------------++-------
Melee: Short sword       ||    80
 Stab: Paralysed         ||     1
       Confused          ||     1
